[Event "Early-Titled-Tuesday-Blitz-February-13-2024"]
[Site "Chess.com"]
[Date "2024.02.13"]
[Round "9"]
[White "Mops_2004"]
[Black "Sanyura"]
[Result "0-1"]
[WhiteElo "2827"]
[BlackElo "2670"]
[TimeControl "180+1"]
[EndTime "9:48:34 PST"]
[Termination "Sanyura won by resignation"]

1. g3 Nf6 2. Bg2 g6 3. d4 Bg7 4. Nf3 d6 5. O-O O-O 6. Re1 Nbd7 7. e4 e5 8. Nc3 exd4 9. Nxd4 Nc5 10. Nb3 Nxb3 11.
axb3 Re8 12. h3 Bd7 13. b4 a6 14. Be3 Bc6 15. Bd4 Nd7 16. f4 Bxd4+ 17. Qxd4 Qf6 18. Qf2 Nb6 19. Bf1 Re7 20. Kh2 Rae8 21. Bd3 h5 22.
Ra5 Qe6 23. Qd4 Nd7 24. b5 axb5 25. Bxb5 Qf6 26. Qe3 b6 27. Bxc6 bxa5 28. Nd5 Qxb2 29. Nxe7+ Rxe7 30. Re2 Nc5 31. e5 a4 32. c3 Qb3 33. Qd4 a3 34. Bd5 Qb1 35. Rf2 c6 36. exd6 Rd7 37. Bxc6 a2 38. c4 a1=Q 0-1

[Event "Early-Titled-Tuesday-Blitz-February-13-2024"]
[Site "Chess.com"]
[Date "2024.02.13"]
[Round "9"]
[White "starworld123"]
[Black "mishanick"]
[Result "0-1"]
[WhiteElo "2842"]
[BlackElo "2979"]
[TimeControl "180+1"]
[EndTime "9:48:35 PST"]
[Termination "mishanick won by resignation"]

1. Nf3 d5 2. e3 Nf6 3. b3 e6 4. Bb2 b6 5. Be2 Bb7 6. O-O Be7 7. d3 c5 8. Ne5 Nbd7 9. f4 O-O 10. Nd2 Nxe5 11.
fxe5 Nd7 12. Nf3 f5 13. exf6 Bxf6 14. Qc1 e5 15. Nd2 e4 16. dxe4 dxe4 17. Nc4 Qe7 18. Bxf6 Nxf6 19. Qb2 Rad8 20. Qe5 Qxe5 21. Nxe5 Rfe8 22.
Ng4 Nd5 23. Bc4 h5 24. Nf2 Kh7 25. Bxd5 Bxd5 26. Rad1 g5 27. g4 Kg6 28. gxh5+ Kxh5 29. h3 Kh4 30. Kg2 Be6 31. Kh2 Rxd1 32. Rxd1 Rf8 33.
Nxe4 Bxh3 34. Rd6 Bf5 35. Rh6+ Kg4 36. Ng3 Bxc2 37. e4 Rf2+ 0-1

[Event "Early-Titled-Tuesday-Blitz-February-13-2024"]
[Site "Chess.com"]
[Date "2024.02.13"]
[Round "9"]
[White "PositionalPanther"]
[Black "Payyappat"]
[Result "1-0"]
[WhiteElo "2450"]
[BlackElo "2560"]
[TimeControl "180+1"]
[EndTime "9:48:35 PST"]
[Termination "PositionalPanther won by resignation"]

1. Nf3 Nf6 2. g3 c5 3. Bg2 Nc6 4. O-O g6 5. d4 Bg7 6. dxc5 O-O 7. c3 Ne4 8. Be3 Qa5 9. b4 Nxb4 10. cxb4 Qxb4 11.
Bd4 Bxd4 12. Qxd4 Qxd4 13. Nxd4 Nxc5 14. Nc3 d6 15. Rab1 Rb8 16. Nc6 Be6 17. Nxb8 Rxb8 18. Rb2 a6 19. Ne4 Na4 20. Rc2 b5 21. Rfc1 b4 22.
Ng5 Nc3 23. Nxe6 fxe6 24. a3 a5 25. axb4 axb4 26. Rb2 Na4 27. Rb3 Nc5 28. Rbb1 b3 29. Bc6 Rb6 30. Bf3 e5 31. Bd5+ e6 32. Rxc5 dxc5 33.
Rxb3 Rd6 34. Bc4 Kf7 35. f3 Rd4 36. Rc3 e4 37. f4 e3 38. Bd3 Rd5 39. Kg2 Kf6 40.
Kf3 e5 41. Kxe3 exf4+ 42. gxf4 g5 43. f5 h5 44. Be4 Re5 45. Rd3 c4 46. Rd6+ Ke7 47. Rc6 Ra5 48. Rxc4 Ra3+ 49. Bd3 Ra1 50. Rc6 Rh1 51. f6+ Ke8 52. Bg6+ Kd7 53. f7 Rf1 54. Rc5 h4 55. Rf5 g4 1-0

[Event "Early-Titled-Tuesday-Blitz-February-13-2024"]
[Site "Chess.com"]
[Date "2024.02.13"]
[Round "9"]
[White "cthulhuuu"]
[Black "Let_it_be_1"]
[Result "1-0"]
[WhiteElo "2448"]
[BlackElo "2559"]
[TimeControl "180+1"]
[EndTime "9:48:35 PST"]
[Termination "cthulhuuu won on time"]

1. e4 e6 2. d3 d5 3. Nd2 Nf6 4. Ngf3 Nc6 5. c3 e5 6. Be2 a5 7. O-O g6 8. exd5 Nxd5 9. d4 exd4 10. cxd4 Bg7 11. Ne4 O-O 12. Bg5 f6 13. Bh4 Kh8 14.
Rc1 Bf5 15. Nc5 b6 16. Nd3 Ncb4 17. Nxb4 axb4 18. Bc4 Re8 19. Ne5 Be6 20. Re1 Qd6 21. Nf3 Bg8 22. Bg3 Qd7 23. Bxd5 Qxd5 24. Bxc7 Qxa2 25.
Rxe8 Rxe8 26. Qd2 Bc4 27. Qxb4 b5 28. Re1 Rxe1+ 29. Qxe1 Qxb2 30. Qe8+ Bg8 31. h4 1-0

[Event "Early-Titled-Tuesday-Blitz-February-13-2024"]
[Site "Chess.com"]
[Date "2024.02.13"]
[Round "9"]
[White "Chernov_Alexander_A"]
[Black "nfds"]
[Result "0-1"]
[WhiteElo "2296"]
[BlackElo "2484"]
[TimeControl "180+1"]
[EndTime "9:48:35 PST"]
[Termination "nfds won on time"]

1. d4 d6 2. e4 Nf6 3. Nc3 Nc6 4. h3 g6 5. Nf3 Bg7 6. Be2 O-O 7. O-O a6 8. Be3 b5 9. a3 Bb7 10. d5 Nb8 11. Nd4 c6 12. dxc6 Nxc6 13. f3 Rc8 14. Qd2 Ne5 15. Rfc1 Nc4 16. Bxc4 Rxc4 17. Nce2 Qd7 18.
c3 Rd8 19. Rd1 Qc7 20. b3 Rc5 21. Nc2 Re5 22. Bd4 Rh5 23. Ng3 Bh6 24. Qd3 Rg5 25.
Ne2 Nd7 26. f4 Nc5 27. Qe3 Rxg2+ 28. Kxg2 Nxe4 29. Kh2 Re8 30. Bb6 Qc6 31. Qf3 Qxb6 32. Ned4 e5 33. fxe5 dxe5 34. Rf1 Bf4+ 35. Kg1 Nd2 36.
Qe2 Nxf1 37. Rxf1 Rd8 38. Rxf4 exf4 39. Qe7 Qd6 0-1

[Event "Early-Titled-Tuesday-Blitz-February-13-2024"]
[Site "Chess.com"]
[Date "2024.02.13"]
[Round "9"]
[White "LiamPutnam2008"]
[Black "HaryKane"]
[Result "1-0"]
[WhiteElo "2817"]
[BlackElo "2588"]
[TimeControl "180+1"]
[EndTime "9:48:36 PST"]
[Termination "LiamPutnam2008 won on time"]

1. e4 d6 2. d4 g6 3. Nf3 Bg7 4. Bc4 Nc6 5. O-O e6 6. d5 exd5 7. exd5 Nce7 8. Re1 Nf6 9. Qe2 Bg4 10.
Bg5 h6 11. Bd2 Bxf3 12. Qxf3 O-O 13. Bc3 Nf5 14. Nd2 Nh4 15. Qh3 g5 16. g3 Ng6 17.
Re2 Qd7 18. Qg2 Rfe8 19. Rae1 Rxe2 20. Rxe2 Re8 21. Qf3 g4 22. Qd3 a6 23. Re6 fxe6 24.
dxe6 Qe7 25. Qxg6 Rf8 26. Ne4 Kh8 27. Nxf6 Bxf6 28. Qxh6+ Kg8 29. Qg6+ Kh8 30. Qh5+ Kg8 31. Qxg4+ Kh8 32. Qh5+ Kg8 33. Qg6+ Kh8 34. Bd2 c6 35. Bh6 Bg7 36. Bg5 Bf6 37. Qh6+ Kg8 38. Qg6+ Kh8 39. h4 Bxg5 40. hxg5 d5 41. Bd3 Qg7 42. Qh5+ Kg8 43. Bg6 Qe7 44. Bf7+ 1-0

[Event "Early-Titled-Tuesday-Blitz-February-13-2024"]
[Site "Chess.com"]
[Date "2024.02.13"]
[Round "9"]
[White "ChessQueen"]
[Black "Jaka_Brilej"]
[Result "1-0"]
[WhiteElo "2687"]
[BlackElo "2537"]
[TimeControl "180+1"]
[EndTime "9:48:36 PST"]
[Termination "ChessQueen won by resignation"]

1. Nf3 d5 2. g3 Nd7 3. d4 Nb6 4. Bg2 Nf6 5. O-O Bf5 6. a4 a5 7. Nc3 c6 8. Ne5 e6 9. f3 h6 10. e4 Bh7 11. Be3 Bb4 12. Qd3 O-O 13. Ne2 Bd6 14.
Ng4 Nxg4 15. fxg4 Be7 16. c3 Nc4 17. Nf4 Nxb2 18. Qe2 Nc4 19. Bc1 Nd6 20. e5 Ne4 21. Qe1 c5 22. Be3 c4 23. Kh1 Rb8 24. Nh5 Bg5 25.
Bg1 Bd2 26. Qe2 Bxc3 27. Rad1 Bb4 28. Be3 Be7 29. Bxe4 Bxe4+ 30. Kg1 Bg5 31. h4 Bxe3+ 32. Qxe3 Bg6 33. Nf4 Bh7 34. Nh5 Kh8 35. Rf2 b5 36. axb5 Rxb5 37. Rdf1 Rb3 38. Qc1 Qb6 39. Qf4 Rd3 40. Nxg7 Kxg7 41. g5 h5 42. Qf6+ Kg8 43. g6 Qc7 44. gxh7+ Kxh7 45. Qg5 Rxg3+ 46. Qxg3 Rg8 47. Rxf7+ Kh8 48. Qxg8+ Kxg8 49. Rxc7 1-0

[Event "Early-Titled-Tuesday-Blitz-February-13-2024"]
[Site "Chess.com"]
[Date "2024.02.13"]
[Round "9"]
[White "CFalcons8"]
[Black "maicolbenavides"]
[Result "1-0"]
[WhiteElo "2400"]
[BlackElo "2513"]
[TimeControl "180+1"]
[EndTime "9:48:36 PST"]
[Termination "CFalcons8 won by resignation"]

1. d4 Nf6 2. Nf3 g6 3. Bg5 Bg7 4. Nbd2 d5 5. e3 O-O 6. Be2 c5 7. c3 Nc6 8. O-O cxd4 9. exd4 h6 10. Bf4 g5 11. Bg3 Bf5 12. Bb5 Ne4 13. Bxc6 bxc6 14. Nxe4 dxe4 15. Ne5 Qb6 16. b3 c5 17. Nc4 Qg6 18. dxc5 Rac8 19. Be5 Rfd8 20. Qe2 Bxe5 21. Nxe5 Qf6 22. Nc4 Qxc3 23. Rac1 Qb4 24. Qh5 Kg7 25.
Ne5 Bg6 26. Nxg6 fxg6 27. Qg4 Rxc5 28. Rxc5 Qxc5 29. Qxe4 Rd4 30. Qe3 Rd5 31. Qe4 Qd6 32. g3 Rd4 33. Qe3 Rd3 34. Qxa7 h5 35. Re1 Kf7 36.
Qa4 Rd4 37. Qb5 Rd5 38. Qb7 h4 39. Rxe7+ Qxe7 40. Qxd5+ Kg7 41. Qd4+ Kh6 42. h3 Qe6 43. gxh4 Qxh3 44. hxg5+ Kxg5 45. Qe3+ 1-0

[Event "Early-Titled-Tuesday-Blitz-February-13-2024"]
[Site "Chess.com"]
[Date "2024.02.13"]
[Round "9"]
[White "PabloZarnicki"]
[Black "Zq1"]
[Result "1-0"]
[WhiteElo "2644"]
[BlackElo "2492"]
[TimeControl "180+1"]
[EndTime "9:48:37 PST"]
[Termination "PabloZarnicki won on time"]

1. e4 c5 2. Nf3 d6 3. Bb5+ Bd7 4. a4 Nc6 5. O-O Nf6 6. Re1 g6 7. c3 a6 8. Bxc6 Bxc6 9. d4 Bg7 10. d5 Bd7 11. Bg5 h6 12. Bh4 O-O 13. Nbd2 g5 14.
Bg3 Nh5 15. a5 Nxg3 16. hxg3 b5 17. axb6 Qxb6 18. Nc4 Qc7 19. e5 Bb5 20. exd6 exd6 21. Ne3 f5 22. Qc2 Qf7 23. g4 fxg4 24. Nxg4 Bd7 25. Ne3 Rae8 26. Rxa6 g4 27. Nh2 h5 28.
Rxd6 Be5 29. Rg6+ Bg7 30. Nhf1 Kh8 31. Ra1 Re7 32. Ng3 h4 33. Nh5 g3 34. Rxg7 Qxf2+ 35. Qxf2 gxf2+ 36. Kf1 Rxg7 37. Nxg7 Kxg7 38. Ra7 Rf7 39.
c4 h3 40. Rxd7 h2 41. Nf5+ Kf6 42. Rxf7+ Kxf7 43. Ng3 1-0

[Event "Early-Titled-Tuesday-Blitz-February-13-2024"]
[Site "Chess.com"]
[Date "2024.02.13"]
[Round "9"]
[White "Cirky"]
[Black "Mikasinski"]
[Result "0-1"]
[WhiteElo "2479"]
[BlackElo "2646"]
[TimeControl "180+1"]
[EndTime "9:48:37 PST"]
[Termination "Mikasinski won by checkmate"]

1. d4 Nf6 2. c4 g6 3. Nc3 Bg7 4. e4 O-O 5. Nf3 d6 6. h3 e5 7. d5 Nh5 8. g3 Qe8 9. Be2 Na6 10. Nh4 Nf6 11. Be3 Nc5 12. Qc2 a5 13. g4 Qe7 14. Nf3 h5 15. gxh5 Nxh5 16. O-O-O Nf4 17. Bxf4 exf4 18. Nd4 a4 19. h4 a3 20. b3 Re8 21. Bf3 Na6 22. Kb1 Qe5 23. Rhg1 c5 24. dxc6 bxc6 25. Rg5 Qf6 26. Nde2 Rb8 27. Qd2 Bh6 28. Rgg1 Be6 29. h5 Bxc4 30. hxg6 fxg6 31. Qxd6 Re6 32. Qd4 Bxe2 33. Nxe2 Qf7 34. Qc4 Nb4 35. Bg4 Re7 36. Qxf7+ Kxf7 37. f3 Bg7 38. Nd4 Rh8 39. Ne6 Rh2 40. Nxg7 Rb2+ 41. Kc1 Nxa2# 0-1

[Event "Early-Titled-Tuesday-Blitz-February-13-2024"]
[Site "Chess.com"]
[Date "2024.02.13"]
[Round "9"]
[White "TitarovVasiliYouTube"]
[Black "nicolasbatista3"]
[Result "1-0"]
[WhiteElo "2524"]
[BlackElo "2355"]
[TimeControl "180+1"]
[EndTime "9:48:37 PST"]
[Termination "TitarovVasiliYouTube won by checkmate"]

1. Nf3 d5 2. g3 Nf6 3. Bg2 c5 4. O-O Nc6 5. c4 e6 6. cxd5 exd5 7. d4 Be6 8. Nc3 Be7 9. dxc5 Bxc5 10. Ng5 O-O 11.
Nxe6 fxe6 12. e4 d4 13. Nb1 e5 14. Nd2 Rc8 15. Nc4 Qd7 16. Bg5 b5 17. Nd2 Kh8 18.
Rc1 Bb6 19. Nb3 Nb4 20. Rxc8 Rxc8 21. Bxf6 gxf6 22. Qh5 Rd8 23. Bh3 Qg7 24. a3 Nd3 25. Rb1 Nf4 26. Qg4 Nxh3+ 27. Qxh3 d3 28. Rd1 Qf7 29.
Nd2 Qc7 30. Qf5 Qd6 31. Nf3 Kg7 32. Qg4+ Kf7 33. Qh5+ Kg7 34. Nh4 Qc5 35. Nf5+ Kh8 36. Kg2 Qxf2+ 37. Kh3 Qe2 38. Qh6 Rd7 39. Qf8# 1-0

[Event "Early-Titled-Tuesday-Blitz-February-13-2024"]
[Site "Chess.com"]
[Date "2024.02.13"]
[Round "9"]
[White "deribas12345"]
[Black "Arystanner"]
[Result "1-0"]
[WhiteElo "2613"]
[BlackElo "2785"]
[TimeControl "180+1"]
[EndTime "9:48:39 PST"]
[Termination "deribas12345 won by resignation"]

1. d4 Nf6 2. c4 g6 3. Nc3 Bg7 4. e4 d6 5. Nge2 O-O 6. Ng3 a5 7. Be2 h5 8. O-O a4 9. Bg5 a3 10. b3 Nc6 11. d5 Nh7 12. Bd2 Nd4 13. Bxh5 gxh5 14. Nxh5 e5 15. dxe6 fxe6 16. Nxg7 Kxg7 17. Be3 Nc6 18. f4 Bd7 19. Rf3 Kh8 20. Nb5 e5 21. f5 Qh4 22. Rh3 Qxe4 23. Rxh7+ Kg8 24.
Rxd7 Qxe3+ 25. Kh1 Rxf5 26. Qg4+ Qg5 27. Qxg5+ Rxg5 28. Nxc7 Rf8 29. Ne6 Rgf5 30. Nxf8 Kxf8 31. Rxb7 e4 32.
Re1 Rf2 33. Kg1 Rxa2 34. Rxe4 Ne5 35. Rh4 Kg8 36. Rhh7 Ra1+ 37. Kf2 a2 38. Ra7 Rb1 39. Rhg7+ Kf8 40. Rgb7 Rb2+ 41. Kg3 1-0

[Event "Early-Titled-Tuesday-Blitz-February-13-2024"]
[Site "Chess.com"]
[Date "2024.02.13"]
[Round "9"]
[White "GM_dmitrij"]
[Black "Sina_Movahed"]
[Result "0-1"]
[WhiteElo "3051"]
[BlackElo "3016"]
[TimeControl "180+1"]
[EndTime "9:48:41 PST"]
[Termination "Sina_Movahed won by checkmate"]

1. e4 c5 2. Nf3 d6 3. Bb5+ Nd7 4.
c4 Nf6 5. Nc3 g6 6. d3 Bg7 7. h3 O-O 8. Ba4 Ne5 9. Nxe5 dxe5 10. Be3 b6 11. Qd2 Nh5 12. Ne2 Qc7 13.
g4 Nf6 14. Ng3 Bb7 15. f3 Rad8 16. h4 Rd6 17. h5 Rfd8 18. Bc2 e6 19. Bh6 Bh8 20.
O-O-O Nd7 21. Qh2 Nb8 22. Qh4 Nc6 23. Bg5 R8d7 24. Rdg1 Nd4 25. Bd1 b5 26. hxg6 fxg6 27. Nh5 bxc4 28. dxc4 Qa5 29. a3 Qa6 30. Kb1 Qxc4 31.
Bf6 Qd3+ 32. Ka1 Ra6 33. Rh2 Bxe4 34. Ba4 Rxa4 35. fxe4 Nb3+ 36. Ka2 Nd2 37. Rxd2 Qxd2 38. Bxh8 Rb7 39. Bxe5 Rxa3+ 40. Kb1 Qd3+ 41. Kc1 Ra1# 0-1

[Event "Early-Titled-Tuesday-Blitz-February-13-2024"]
[Site "Chess.com"]
[Date "2024.02.13"]
[Round "9"]
[White "KbzasDavid16"]
[Black "mr_gustavo"]
[Result "0-1"]
[WhiteElo "2565"]
[BlackElo "2738"]
[TimeControl "180+1"]
[EndTime "9:48:42 PST"]
[Termination "mr_gustavo won on time"]

1. d4 Nf6 2. c4 g6 3. Nf3 Bg7 4. g3 O-O 5. Bg2 d6 6. O-O Nc6 7. Nc3 Bg4 8. d5 Na5 9. Nd2 c5 10. Qc2 a6 11. b3 Bd7 12. Bb2 b5 13. e4 Rb8 14. h3 e5 15. dxe6 Bxe6 16. cxb5 axb5 17.
Nd5 Bxd5 18. exd5 Nd7 19. Bxg7 Kxg7 20. a4 bxa4 21. bxa4 Rb4 22. Rfb1 Rxb1+ 23. Rxb1 Qf6 24. Ne4 Qe5 25. f4 Qd4+ 26. Qf2 Qxa4 27. Nxd6 Rd8 28. Qb2+ Kg8 29. Re1 Nc4 30. Nxc4 Qxc4 31. Rc1 Qb4 32.
Qe2 Qd4+ 33. Kh2 Nf6 34. Qc4 Qxc4 35. Rxc4 Nd7 36. Kg1 Kf8 37. Kf2 Ke7 38. Ke3 Kd6 39. Kd3 Nb6 40. Rc2 Ra8 41. Kd2 Ra3 42. Rc3 Ra2+ 43.
Rc2 Nc4+ 44. Kc3 Rxc2+ 45. Kxc2 Ne3+ 46. Kd3 Nxg2 47. Ke4 Ne1 48. g4 f5+ 49. gxf5 gxf5+ 50. Kxf5 Kxd5 51. Kg5 c4 52. f5 c3 53. f6 c2 54. f7 c1=Q+ 55. Kf6 Qf4+ 56. Kg7 Qg5+ 57.
Kh8 Qf6+ 58. Kg8 Qg6+ 59. Kf8 Ke6 0-1

[Event "Early-Titled-Tuesday-Blitz-February-13-2024"]
[Site "Chess.com"]
[Date "2024.02.13"]
[Round "9"]
[White "twofoxniel"]
[Black "BardArtem"]
[Result "1-0"]
[WhiteElo "2635"]
[BlackElo "2762"]
[TimeControl "180+1"]
[EndTime "9:48:44 PST"]
[Termination "twofoxniel won by checkmate"]

1. e4 c5 2. c3 Nf6 3. e5 Nd5 4. d4 cxd4 5. cxd4 d6 6. Bc4 Nb6 7. Bb5+ Bd7 8. e6 fxe6 9. Bd3 g6 10. h4 Nc6 11. h5 Rg8 12. hxg6 hxg6 13. Bxg6+ Rxg6 14. Qh5 Qb8 15. Qxg6+ Kd8 16. Rh8 Kc7 17. Nf3 Qe8 18.
Qxe8 Rxe8 19. Nc3 Nb4 20. Ke2 N6d5 21. Be3 Nxc3+ 22. bxc3 Nd5 23. Kd2 Nb6 24. Rah1 Nc4+ 25. Kc1 e5 26. Rg8 Nxe3 27. fxe3 Bh6 28. Rxe8 Bxe3+ 29. Kc2 Bxe8 30. dxe5 d5 31. Kd3 Bc5 32. Nd4 Bf7 33.
g4 Kd7 34. Rh6 Be8 35. g5 e6 36. Nxe6 Be7 37. Nd4 Bxg5 38. Rh7+ Kc8 39. Rg7 Bd8 40. e6 Ba4 41. e7 Bc7 42. Rg8+ Bd8 43. exd8=Q# 1-0

[Event "Early-Titled-Tuesday-Blitz-February-13-2024"]
[Site "Chess.com"]
[Date "2024.02.13"]
[Round "9"]
[White "chipmunknau"]
[Black "FARIZA2018"]
[Result "1-0"]
[WhiteElo "2728"]
[BlackElo "2533"]
[TimeControl "180+1"]
[EndTime "9:48:44 PST"]
[Termination "chipmunknau won on time"]

1. Nf3 d5 2. g3 Nf6 3. c4 e6 4. Bg2 dxc4 5. Qa4+ Nbd7 6. Qxc4 a6 7.
Qc2 c5 8. a4 b6 9. Ne5 Nd5 10.
d4 Bb7 11. O-O cxd4 12. Nc6 Qf6 13. b4 Nxb4 14. Nxb4 Bxg2 15. Kxg2 Bxb4 16. Qc6 Rd8 17. Ba3 Bxa3 18. Rxa3 O-O 19. Nd2 e5 20. Qc4 Nc5 21.
Kg1 Rc8 22. Rb1 Rfd8 23. Qb4 Nd7 24. Rf3 Qe6 25. Ne4 f6 26. h4 a5 27. Qb2 Rc4 28.
Qb5 Rdc8 29. h5 Rc1+ 30. Kg2 Rxb1 31. Qxb1 Nc5 32. h6 Nxe4 33. Qxe4 f5 34. Rxf5 g6 35. Rxe5 Qc6 36. Rd5 Rf8 37. f3 1-0

[Event "Early-Titled-Tuesday-Blitz-February-13-2024"]
[Site "Chess.com"]
[Date "2024.02.13"]
[Round "9"]
[White "malakismayil"]
[Black "ClaudiaSof"]
[Result "1-0"]
[WhiteElo "2521"]
[BlackElo "2331"]
[TimeControl "180+1"]
[EndTime "9:48:44 PST"]
[Termination "malakismayil won on time"]

1. e4 c5 2. Nf3 Nc6 3. Bb5 g6 4. O-O Bg7 5. c3 e5 6. d4 cxd4 7. cxd4 exd4 8. Nbd2 a6 9. Bc4 Nge7 10. Nb3 b5 11. Bd5 O-O 12. Nbxd4 Nxd5 13. exd5 Nxd4 14.
Nxd4 d6 15. Nc6 Qc7 16. Bg5 Bb7 17. Rc1 Qd7 18. Qd2 Rfe8 19. h3 Rac8 20. Na5 Ba8 21. Bf4 Qf5 22. Nc6 Qd7 23. Qc2 h6 24. b3 Rc7 25.
Rfd1 Rec8 26. Qd2 Kh7 27. Nb4 a5 28. Rxc7 Rxc7 29. Nd3 Bxd5 30. Qxa5 Rc8 31. Qd2 Qf5 32. Nb4 Ba8 33. Bxd6 Bc3 34. Qd3 Qg5 35. Qg3 Qxg3 36.
fxg3 Bxb4 37. Bxb4 Rc2 38. Rd7 Rxg2+ 39. Kf1 Kg7 40. Bc3+ Kg8 41. Rd8+ Kh7 42. Rxa8 1-0

[Event "Early-Titled-Tuesday-Blitz-February-13-2024"]
[Site "Chess.com"]
[Date "2024.02.13"]
[Round "9"]
[White "viktorskliarov"]
[Black "jocmil"]
[Result "0-1"]
[WhiteElo "2598"]
[BlackElo "2753"]
[TimeControl "180+1"]
[EndTime "9:48:45 PST"]
[Termination "jocmil won by checkmate"]

1. e4 c6 2. d4 d5 3. e5 Bf5 4.
Nf3 e6 5. Be2 Bb4+ 6. c3 Ba5 7.
b4 Bc7 8. Bf4 Ne7 9. O-O Nd7 10.
Nbd2 O-O 11. Bg3 Qb8 12. Re1 Ng6 13. Nf1 f6 14. exf6 Rxf6 15. Ne3 Bxg3 16. hxg3 e5 17. Nxf5 Rxf5 18. dxe5 Ngxe5 19. Nd4 Rf6 20. f4 Ng6 21. Bg4 Qc7 22. Be6+ Kh8 23. Qh5 a5 24. a3 Ndf8 25.
Bf5 c5 26. bxc5 Qxc5 27. Re3 a4 28. Kf2 Ne7 29. Bc2 Nfg6 30. Rh1 h6 31. Kf3 Raf8 32. Ne6 Qd6 33. Nxg7 Rxf4+ 34. gxf4 Qxf4+ 35. Ke2 Kxg7 36. Bxg6 Nxg6 37. Qh2 Qf2+ 38. Kd3 Nf4+ 39. Kd4 Qd2+ 40. Kc5 Qxe3+ 41. Kb4 Qb6+ 42. Kxa4 Ra8# 0-1

[Event "Early-Titled-Tuesday-Blitz-February-13-2024"]
[Site "Chess.com"]
[Date "2024.02.13"]
[Round "9"]
[White "HamedWafa4"]
[Black "Crazy_girl99"]
[Result "1-0"]
[WhiteElo "2746"]
[BlackElo "2595"]
[TimeControl "180+1"]
[EndTime "9:48:45 PST"]
[Termination "HamedWafa4 won on time"]

1. e4 e5 2. Nf3 Nc6 3. Bb5 a6 4. Ba4 Nf6 5. O-O Nxe4 6. d4 b5 7. Bb3 d5 8. dxe5 Be6 9. Qe2 Be7 10. Be3 O-O 11. Nbd2 Qc8 12. c3 Rd8 13. Bc2 Bf5 14. Nd4 Nxd4 15. cxd4 c5 16. Bxe4 dxe4 17. dxc5 Qe6 18. f4 exf3 19. Qxf3 Bg6 20. b4 Qxe5 21. Rae1 Qc3 22. Qf4 a5 23. Qc7 Bf8 24. bxa5 Rxd2 25.
Bxd2 Qxd2 26. Qc6 Rxa5 27. Re8 f6 28. Rc8 Rxa2 29. Qf3 h5 30. c6 Qd4+ 31. Kh1 Be4 32. c7 Bxf3 33. Rxf8+ Kh7 34. Rh8+ Kg6 35. gxf3 Qf4 36.
Rg1+ Kf7 37. Rf8+ Ke7 38. Re1+ Kd6 39. c8=N+ Kd7 40. Rf7+ Kc6 41. Re6+ 1-0

[Event "Early-Titled-Tuesday-Blitz-February-13-2024"]
[Site "Chess.com"]
[Date "2024.02.13"]
[Round "9"]
[White "Yurovskykh_Oleksandr"]
[Black "ajeale2"]
[Result "1-0"]
[WhiteElo "2666"]
[BlackElo "2511"]
[TimeControl "180+1"]
[EndTime "9:48:45 PST"]
[Termination "Yurovskykh_Oleksandr won on time"]

1. d4 d5 2. Bf4 e6 3. e3 Nf6 4. Nd2 c5 5. c3 Nc6 6. Ngf3 Bd6 7. Bg3 O-O 8. Bb5 Ne4 9. Nxe4 dxe4 10. Nd2 cxd4 11.
exd4 f5 12. Bxd6 Qxd6 13. O-O Ne7 14. Nc4 Qd5 15. Qb3 Ng6 16. Ne5 Nxe5 17. Qxd5 Nf3+ 18. gxf3 exd5 19. f4 Rf6 20. h3 Rb6 21. Ba4 Rxb2 22. Rfb1 Rb6 23. Rxb6 axb6 24. Bb3 Be6 25. Kf1 Rc8 26.
Rc1 b5 27. Ke2 b4 28. Kd2 bxc3+ 29. Rxc3 Rxc3 30. Kxc3 h6 31. h4 g5 32. fxg5 hxg5 33. hxg5 Kg7 34. f4 exf3 35. Kd2 f4 36. Ke1 Kg6 37. Kf2 Kxg5 38. Kxf3 Bg4+ 39. Kf2 Be6 40.
Kf3 b5 41. a3 Kf5 42. Bc2+ Kg5 43. Bd3 Bd7 44. Kf2 Kg4 45. Be2+ Kg5 46. Bd3 Bf5 47.
Bxb5 Be4 48. a4 Kf6 49. a5 Ke7 50. a6 1-0

[Event "Early-Titled-Tuesday-Blitz-February-13-2024"]
[Site "Chess.com"]
[Date "2024.02.13"]
[Round "9"]
[White "nekotyanof"]
[Black "OhanyanEminChess"]
[Result "0-1"]
[WhiteElo "2639"]
[BlackElo "2812"]
[TimeControl "180+1"]
[EndTime "9:48:46 PST"]
[Termination "OhanyanEminChess won by resignation"]

1. e4 e5 2. Nf3 Nc6 3. Bc4 Nf6 4. d3 d5 5. exd5 Nxd5 6. O-O Bc5 7. Re1 Be6 8. Bg5 f6 9. Nxe5 Nxe5 10. Rxe5 Qd6 11. Bxf6 O-O 12. Nc3 Rxf6 13. Rxe6 Bxf2+ 14. Kh1 Rxe6 15. Bxd5 c6 16. Bxe6+ Qxe6 17. Qf3 Bd4 18. Qe4 Qxe4 19. Nxe4 Rd8 20. h3 Kf7 21. c3 Bb6 22. Rf1+ Ke7 23. Rf3 h6 24. Kh2 Rd5 25. Kg3 a5 26. a4 Bc7+ 27. Kf2 b5 28. axb5 Rxb5 29. b4 axb4 30. cxb4 Rxb4 31. g3 Rb2+ 32. Kg1 Be5 33. Rf5 Ke6 34.
Rf8 Ke7 35. Ra8 Rc2 36. Ra7+ Ke6 37. Ra6 Kd5 38. Ra8 Kd4 39. Rd8+ Ke3 40. Re8 Bd4 41. Nf2+ Kf3 42. Rf8+ Kxg3 0-1

[Event "Early-Titled-Tuesday-Blitz-February-13-2024"]
[Site "Chess.com"]
[Date "2024.02.13"]
[Round "9"]
[White "GasconJR"]
[Black "azikom"]
[Result "1-0"]
[WhiteElo "2580"]
[BlackElo "2712"]
[TimeControl "180+1"]
[EndTime "9:48:47 PST"]
[Termination "GasconJR won on time"]

1. e4 c6 2. d4 d5 3. exd5 cxd5 4.
Bd3 Nc6 5. c3 Nf6 6. Bf4 Bg4 7. Qb3 Qc8 8. Nd2 e6 9. Ngf3 Bh5 10.
O-O Bg6 11. Bxg6 hxg6 12. h4 Be7 13. Rae1 a6 14. a4 Bd8 15. Bg5 O-O 16. Ne5 Nxe5 17. dxe5 Nd7 18. Bxd8 Rxd8 19. Qd1 Qc7 20. Qe2 b5 21. axb5 axb5 22. h5 Nf8 23. hxg6 Nxg6 24. Qh5 Ra2 25. Nf3 Rxb2 26. Ng5 d4 27. cxd4 Qc2 28.
Rc1 Qf5 29. Rc7 Nf4 30. Qxf7+ Qxf7 31. Nxf7 Rf8 32. Ng5 Ne2+ 33. Kh2 Nxd4 34. f4 Rd2 35. Ra1 Nf5 36. Nxe6 Rb8 37. Raa7 b4 38. Nxg7 Ne3 39. Nh5 Rxg2+ 40. Kh3 Rg1 41. Nf6+ 1-0

[Event "Early-Titled-Tuesday-Blitz-February-13-2024"]
[Site "Chess.com"]
[Date "2024.02.13"]
[Round "9"]
[White "Grossboss19"]
[Black "Attacks_Hurricane"]
[Result "1-0"]
[WhiteElo "2619"]
[BlackElo "2355"]
[TimeControl "180+1"]
[EndTime "9:48:48 PST"]
[Termination "Grossboss19 won by checkmate"]

1. Nf3 f5 2. d4 Nf6 3. c4 e6 4.
Nc3 Be7 5. g3 O-O 6. Bg2 d6 7.
O-O Ne4 8. Nd2 Nxc3 9. bxc3 e5 10. f4 e4 11. e3 Nd7 12. g4 fxg4 13. Nxe4 Nf6 14.
Ng3 h5 15. e4 h4 16. Ne2 Nh5 17. f5 Bg5 18. Nf4 Bxf4 19. Bxf4 Nf6 20. Bg5 Qe8 21.
Bxf6 Rxf6 22. Qxg4 Rh6 23. h3 Bd7 24. Rf4 Qf7 25. Bf1 Kh8 26. Qg5 Rg8 27. Rxh4 Qf6 28. Qxf6 gxf6+ 29. Rg4 Re8 30. Bg2 b6 31. Re1 Bc6 32. Kf2 Rh7 33. Re3 a6 34. Rg6 b5 35.
cxb5 axb5 36. Rxf6 Ra8 37. Re2 Kg7 38. Rg6+ Kf7 39. e5 Bxg2 40. e6+ Kf8 41. Kxg2 Rg7 42. Kf3 Rxg6 43. fxg6 Kg7 44. e7 Re8 45. Re6 c5 46. Ke4 b4 47. cxb4 cxb4 48. h4 Kh6 49. Kd5 Kg7 50.
h5 Kh6 51. Kc6 Kg7 52. Kd7 b3 53. Kxe8 bxa2 54. Re1 Kh6 55. Ra1 Kg7 56. Rxa2 Kf6 57. Ra6 Kg7 58. Rxd6 Kh6 59. Kf7 Kg5 60. g7 Kh4 61.
e8=Q Kh3 62. h6 Kh2 63. g8=Q Kh1 64. Rf6 Kh2 65. d5 Kh3 66. d6 Kh4 67. d7 Kh3 68. h7 Kh4 69. d8=Q Kh5 70. h8=Q# 1-0

[Event "Early-Titled-Tuesday-Blitz-February-13-2024"]
[Site "Chess.com"]
[Date "2024.02.13"]
[Round "9"]
[White "Gabrielian_Artur"]
[Black "Fh2411"]
[Result "1-0"]
[WhiteElo "2800"]
[BlackElo "2631"]
[TimeControl "180+1"]
[EndTime "9:48:49 PST"]
[Termination "Gabrielian_Artur won on time"]

1. e4 c6 2. d4 d5 3. e5 Bf5 4.
h4 h5 5. Bd3 Bxd3 6. Qxd3 Qa5+ 7. Nd2 e6 8. Nf3 Qa6 9. c4 Ne7 10. O-O Nf5 11. a4 Be7 12. b3 Qa5 13. Ba3 Bxa3 14.
Rxa3 Qb4 15. Raa1 Qe7 16. g3 Na6 17. Rfc1 O-O 18. Ng5 g6 19. Nf1 Nb4 20. Qd2 dxc4 21. bxc4 Rfd8 22. Nf3 c5 23. d5 exd5 24. cxd5 Rxd5 25.
Qe2 Nd4 26. Nxd4 Rxd4 27. Rc3 Rad8 28. e6 fxe6 29. Re1 Nd5 30. Rf3 Rd6 31. Qe5 b6 32.
Kh2 Nc7 33. Ne3 Qg7 34. Qg5 Kh7 35. a5 Nd5 36. axb6 axb6 37. Ng2 Nf6 38. Qxf6 Qxf6 39. Rxf6 c4 40. Nf4 c3 41. Rf7+ Kg8 42. Rc7 Rd2 43. Kg2 c2 44. Rc1 e5 45. Nh3 Rf6 46. R1xc2 1-0